 Dungeon Crawl Stone Soup version 0.29.1-15-g9cfb28693d (webtiles) character file.

Game seed: 2227039935226399619

237656 unlimited1921 the Sorcerer (level 20, -13/125 HPs)
             Began as a Djinni Fire Elementalist on Mar 14, 2023.
             Was the Champion of Fedhas.
             Mangled by an iron troll (23 damage)
             ... on level 2 of the Depths on Mar 15, 2023.
             The game lasted 08:09:38 (59324 turns).

unlimited1921 the Sorcerer (DjFE)                  Turns: 59324, Time: 08:09:39

Health: -13/125    AC: 12    Str: 11    XL:     20   Next: 91%
Gold:   2130       EV: 23    Int: 28    God:    Fedhas [******] SH:  0 Dex: 19

rFire   + + +      SeeInvis .   c - +6 arbalest "Damnation" {damnation}
rCold   . . .      Faith    .   (shield currently unavailable)
rNeg    + . .      Spirit   .   b - +4 troll leather armour
rPois   ∞          Reflect  .   s - -2 hat of the Alchemist {rElec rPois rF+ rC+ rN+ Will+ rMut rCorr}
rElec   +          Harm     .   K - +2 cloak
rCorr   +          Rampage  .   (no gloves)
rMut    +                       (boots unavailable)
Will    +++..                   I - amulet "Vaudin" {Acrobat rElec Str+5 Dex+4}
Stlth   +++.......              u - +4 ring of evasion
HPRegen 1.10/turn               C - +4 ring of evasion
MPRegen 0.00/turn

@: flying
A: sickness immunity, fire resistance 2, cold vulnerability 1, float, innate
caster, HP casting, extra vitality 1, iridescent scales 1, clever 1
a: Renounce Religion, Wall of Briars, Grow Ballistomycete, Overgrow, Grow Oklob


You were on level 2 of the Depths.
You worshipped Fedhas.
Fedhas was exalted by your worship.
You visited 9 branches of the dungeon, and saw 34 of its levels.
You visited 1 bazaar.
You also visited: Bailey.

You collected 3849 gold pieces.
You spent 1719 gold pieces at shops.

Inventory:

Hand Weapons
 c - the +6 arbalest "Damnation" (weapon) {damnation}
   (You found it on level 5 of the Lair of Beasts)

   Any ammunition fired from it explodes in a burst of damnation on striking a
   foe, dealing damage which bypasses armour.
 r - a +0 long sword of distortion
 F - the +7 mace of Variability {chain chaos}
   (You found it on level 13 of the Dungeon)

   Each time it hits an enemy it has a different, random effect.
   It occasionally unleashes arcs of chaos on nearby creatures upon striking a
   foe.
 M - a +2 trident of holy wrath
 R - a +4 great sword of holy wrath
 T - the +10 trident of the Middle {vorpal, *Rage Str+5 Int+7}
   (You found it on level 13 of the Dungeon)

   It inflicts extra damage upon your enemies.
   Str:       It affects your strength (+5).
   Int:       It affects your intelligence (+7).
   *Rage:     It berserks you when you make melee attacks (+20% chance).
 V - a +2 great sword of freezing
 X - a +2 great sword of electrocution
Missiles
 O - 85 poisoned darts
Armour
 a - a scarf of invisibility
 b - a +4 troll leather armour (worn)
 d - +0 ice dragon scales
 s - the -2 hat of the Alchemist (worn) {rElec rPois rF+ rC+ rN+ Will+ rMut rCorr}
   (You found it on level 8 of the Dungeon)

   rF:        It protects you from fire.
   rC:        It protects you from cold.
   rElec:     It insulates you from electricity.
   rPois:     It protects you from poison.
   rN:        It protects you from negative energy.
   rCorr:     It protects you from acid and corrosion.
   rMut:      It protects you from mutation.
   Will:      It increases your willpower.
 K - a +2 cloak (worn)
Jewellery
 k - an amulet of reflection
 p - a ring of see invisible
 u - a +4 ring of evasion (left hand)
 C - a +4 ring of evasion (right hand)
 I - the amulet "Vaudin" (around neck) {Acrobat rElec Str+5 Dex+4}
   (You found it on level 5 of the Dungeon)

   [amulet of the acrobat]

   It increases your evasion while moving and waiting.
   Str:       It affects your strength (+5).
   Dex:       It affects your dexterity (+4).
   rElec:     It insulates you from electricity.
Wands
 f - a wand of flame (50)
 q - a wand of digging (3)
 t - a wand of charming (43)
 G - a wand of light (13)
 H - a wand of roots (23)
 L - a wand of polymorph (30)
 U - a wand of mindburst (24)
Scrolls
 e - 7 scrolls of fog
 g - a scroll of identify
 i - 12 scrolls of teleportation
 n - 4 scrolls of fear
 v - a scroll of silence
 w - 4 scrolls of enchant armour
 y - 4 scrolls of magic mapping
 A - 5 scrolls of poison
 E - 2 scrolls of enchant weapon
 N - 3 scrolls of blinking
 W - 2 scrolls of brand weapon
Potions
 h - 2 potions of brilliance
 j - 3 potions of cancellation
 m - 9 potions of curing
 o - 3 potions of resistance
 x - 13 potions of might
 z - 3 potions of haste
 B - 11 potions of ambrosia
 D - a potion of invisibility
 P - 3 potions of mutation
 Q - a potion of lignification
Miscellaneous
 S - a phantom mirror (inert) (quivered)


   Skills:
 + Level 6.0 Fighting
 + Level 0.6 Long Blades
 + Level 2.7(2.8) Polearms
 + Level 0.7(2.1) Staves
 + Level 8.9 Ranged Weapons
 + Level 0.4 Throwing
 + Level 8.3 Armour
 + Level 6.4 Dodging
 * Level 5.1 Stealth
 + Level 1.2 Shields
 * Level 22.8 Spellcasting
 + Level 10.9 Invocations
 + Level 1.4 Evocations


You had 13 spell levels left.
You knew the following spells:

 Your Spells              Type           Power      Damage    Failure   Level
a - Foxfire               Conj/Fire      100%       2x1d9     0%          1
b - Scorch                Fire           100%       2d10      0%          2
c - Conjure Flame         Conj/Fire      100%       6-21      0%          3
d - Inner Flame           Hex/Fire       100%       N/A       0%          3
e - Flame Wave            Conj/Fire      100%       2d21      0%          4
f - Summon Small Mammal   Summ           100%       N/A       0%          1
g - Call Imp              Summ           100%       N/A       0%          2
h - Lesser Beckoning      Tloc           100%       N/A       0%          3
i - Airstrike             Air            51%        2d(8-24)  0%          4
j - Iskenderun's Mystic   Conj/Tloc      100%       2d19      0%          4
k - Fireball              Conj/Fire      51%        3d20      0%          5
l - Dispersal             Tloc           51%        N/A       1%          6
m - Death Channel         Necr           51%        N/A       1%          6
n - Ozocubu's Refrigerat  Ice            51%        4d18      1%          7
Your spell library was empty.

Dungeon Overview and Level Annotations

Branches:
Dungeon (15/15)            Temple (1/1) D:7            Lair (5/5) D:8
  Swamp (3/4) Lair:2       Spider (1/4) Lair:2        Slime (1/5) Lair:4
    Orc (2/2) D:11            Elf (3/3) Orc:2        Vaults (0/5) D:13
 Depths (3/4) D:15         Bailey (visited)

Altars:
Ashenzari
Cheibriados
Dithmenos
Elyvilon
Fedhas
Gozag
Hepliaklqana
Makhleb
Nemelex Xobeh
Okawaru
Qazlal
Ru
Trog
Uskayaw
Wu Jian
Xom
Yredelemnul
Zin
The Shining One
Jiyva

Shops:
D:12 :   D:14 =*   Orc:2 *(=[=(!(

Portals:
Hell: Depths:1 Depths:2
Pandemonium: Depths:2

Annotations:
D:13 Sonja
Swamp:3 2 transporters, Airmonger's ghost, journeyman DrCj; Mara; Nikola


Innate Abilities, Weirdness & Mutations

You are immune to sickness and miasma.
You are immune to poison.
Your flesh is very heat resistant. (rF++)
You are vulnerable to cold. (rC-)
You float through the air rather than walking.
You learn spells naturally, not from books.
Your magical power is your life essence.
You have superior vitality. (+4 MHP)
You are partially covered in iridescent scales. (AC +2)
Your mind is acute. (Int +4, Str/Dex -1)


Message History

Confirm with . or Enter, or press ? or * to list all spells.
You erupt in a blast of force!
The mystic blast hits the iron troll but does no damage.
The iron troll is lightly wounded.
The mystic blast hits the juggernaut!!
The juggernaut is moderately wounded.
The juggernaut hits you!!! The juggernaut barely misses you.
The iron troll completely misses you. The iron troll closely misses you.
The iron troll barely misses you.
Casting: Iskenderun's Mystic Blast (safe; 0% risk of failure)
Confirm with . or Enter, or press ? or * to list all spells.
You erupt in a blast of force!
The mystic blast hits the juggernaut but does no damage.
The juggernaut is moderately wounded.
The mystic blast hits the iron troll!!
The iron troll is moderately wounded.
The iron troll is knocked back by the mystic blast.
The iron troll violently stops moving!
Casting: Iskenderun's Mystic Blast (safe; 0% risk of failure)
Confirm with . or Enter, or press ? or * to list all spells.
You erupt in a blast of force!
The mystic blast hits the juggernaut!
The juggernaut is moderately wounded.
The juggernaut is knocked back by the mystic blast.
The mystic blast hits the iron troll.
The iron troll is moderately wounded.
The iron troll is knocked back by the mystic blast.
The iron troll violently stops moving!
The iron troll is heavily wounded.
Casting: Iskenderun's Mystic Blast (safe; 0% risk of failure)
Confirm with . or Enter, or press ? or * to list all spells.
You erupt in a blast of force!
The mystic blast hits the juggernaut but does no damage.
The juggernaut is moderately wounded.
The mystic blast hits the iron troll!
The iron troll is severely wounded.
The iron troll bites you!!!
* * * LOW HITPOINT WARNING * * *
The iron troll claws you!!
You die...
Fedhas appreciates your contribution to the ecosystem.

#..(.~~~.#.# .#..######
#....~≈~.#.# .'..'.....
#....~≈###'# .#..######
#....~≈#.[.############
#....~≈#...#.T.........
#..[.≈≈#####~~~~≈~~≈~~~
####....~≈≈≈≈≈≈≈≈≈~≈≈≈≈≈≈≈
###.##....~~T~~≈~~~~≈~~~≈~~≈
#....#.....@.C..............
#....#................##....
######..........................
##..##...........................
..?.................≈~.....#.....
....?..>(.........~≈~~....#......
~~..............~~~≈~~...##......
.~..............~≈≈..)..####..(..
................~~..~~..####....(


You could see a juggernaut, an iron troll (fast, strong) and a deep troll
shaman.

Vanquished Creatures
  A caustic shrike (Depths:2)
  Saint Roka (Elf:2)
  2 golden dragons (Depths:2)
  2 tentacled monstrosities (Depths:2)
  Rupert (D:13)
  A quicksilver dragon (Depths:2)
  2 deep elf blademasters
  A titan (Depths:2)
  Kirke (D:15)
  3 sphinxes
  2 tengu reavers (Depths:1)
  5 fire giants
  A deep elf sorcerer (Elf:1)
  A balrug (Depths:1)
  2 orc warlords (Orc:2)
  A ghost moth (Spider:1)
  5 frost giants
  A caustic shrike zombie (Depths:2)
  A deep elf elementalist (Elf:3)
  4 very ugly things (Depths:2)
  12 stone giants
  5 deep elf demonologists
  2 deep elf annihilators
  An eleionoma (Swamp:2)
  3 bunyips
  A spark wasp (Depths:2)
  2 deep elf death magi (Elf:2)
  A merfolk javelineer (Depths:2)
  5 fire dragons
  12 ettins
  A great orb of eyes (shapeshifter) (Depths:2)
  Fannar (Orc:1)
  Josephine (D:11)
  3 deep elf high priests (Elf:3)
  11 hydras
  2 ogre magi
  4 ice dragons
  2 spriggan air magi (Depths:2)
  A spriggan skeleton (Depths:2)
  Erolcha (D:13)
  3 boulder beetles
  A catoblepas (Lair:5)
  9 two-headed ogres
  3 centaur warriors
  Erica (Orc:1)
  2 ghost crabs (Swamp:3)
  2 death knights
  7 tengu warriors
  21 dancing weapons
  8 deep troll shamans
  4 alligators
  17 death yaks
  2 hell knights
  2 hell hogs (Depths:1)
  An orc high priest (Elf:3)
  6 deep troll earth magi (Depths:2)
  A spriggan berserker (Depths:2)
  3 sun demons (Depths:1)
  15 deep elf knights
  Urug (D:13)
  2 soul eaters (Depths:1)
  4 skeletal warriors (D:12)
  7 iron trolls
  2 death drakes (Depths:2)
  3 goliath frogs
  A pharaoh ant (Spider:1)
  10 deep trolls
  10 deep elf archers
  5 spriggan druids
  A necromancer (Depths:2)
  2 swamp dragons
  2 wizards (D:15)
  2 bog bodies (Swamp:1)
  23 deep elf pyromancers
  28 deep elf zephyrmancers
  3 orc knights
  Pikel (D:4)
  2 harpies (Depths:1)
  10 orc sorcerers
  3 will-o-the-wisps
  18 ugly things
  A shining eye (Slime:1)
  3 manticores
  7 cyclopes
  5 black mambas
  Joseph (D:7)
  12 elephants
  2 gargoyles
  A smoke demon (Depths:1)
  13 cane toads
  Maurice (D:13)
  An unseen horror (D:12)
  2 orange demons (D:14)
  4 rime drakes
  5 kobold demonologists
  A komodo dragon (shapeshifter) (D:13)
  A demonic crawler (Spider:1)
  2 hellions (Depths:1)
  2 unseen horror zombies (D:9)
  A freezing wraith (D:15)
  4 komodo dragons
  4 tengu conjurers
  2 bloated husks
  A red devil (D:14)
  A queen bee (Lair:5)
  11 tyrant leeches
  5 trolls
  2 polar bears
  6 hornets
  2 tarantellas (Spider:1)
  6 meliai
  A meliai (shapeshifter) (D:13)
  A tarantella (shapeshifter) (D:14)
  11 blink frogs
  20 slime creatures
  2 jumping spiders (Spider:1)
  A spriggan (shapeshifter) (D:13)
  Sigmund (D:2)
  58 yaks
  A vampire (D:9)
  5 spriggans
  8 water elementals
  6 wyverns
  A basilisk (Lair:1)
  3 chaos spawn (D:13)
  7 wraiths
  Eustachio (D:4)
  3 fire elementals
  5 vampire mosquitoes
  4 hogs (D:15)
  4 steam dragons
  5 redbacks
  3 wargs
  Duvessa (D:5)
  11 swamp worms
  An acid dragon (D:10)
  19 water moccasins
  3 swamp drakes
  A glowing shapeshifter skeleton (Depths:2)
  43 orc warriors
  2 sky beasts (D:6)
  A hornet zombie (D:9)
  2 black bears
  14 wolves
  4 centaurs
  5 ogres
  A phantom (D:5)
  6 kobold brigands
  Blork the orc (D:4)
  4 earth elementals
  13 bullfrogs
  4 necrophages
  A scorpion (Lair:2)
  A glowing shapeshifter simulacrum (Depths:2)
  10 wights
  Dowan (D:5)
  36 killer bees
  3 howler monkeys
  6 electric eels
  A human zombie (D:9)
  3 hounds
  A gnoll bouda (D:8)
  11 orc priests
  Crazy Yiuf (D:2)
  Jessica (D:2)
  Ijyb (D:3)
  9 iguanas
  Natasha (D:2)
  38 orc wizards
  6 hell rats
  3 mummies (D:9)
  2 howler monkey zombies (D:9)
  Robin (D:4)
  9 adders
  6 gnolls
  2 shadow imps
  An ufetubus (D:6)
  A worm (D:5)
  4 dart slugs
  105 orcs
  11 bats
  8 endoplasms
  4 giant cockroaches
  20 goblins
  16 hobgoblins
  4 jackals (D:1)
  6 quokkas
  4 ball pythons
  5 frilled lizards
  22 kobolds
  7 rats
1125 creatures vanquished.

Vanquished Creatures (collateral kills)
  A dancing weapon (Elf:1)
  A deep elf knight (Elf:2)
  A deep elf archer (Elf:2)
  2 deep elf pyromancers
  An orc sorcerer (Elf:1)
  An orange demon (D:14)
  A troll (D:12)
  A blink frog (Lair:2)
  An orc warrior (Orc:2)
  An orc wizard (Orc:2)
  4 orcs
  A goblin (D:4)
  A hobgoblin (D:2)
  A kobold (D:7)
  3 ballistomycete spores (Elf:2)
  A butterfly (Lair:4)
  2 foxfires (D:1)
24 creatures vanquished.

Vanquished Creatures (others)
  An eleionoma (Swamp:2)
  An alligator (Swamp:3)
  A deep elf knight (Elf:2)
  A will-o-the-wisp (Swamp:2)
  An orc priest (Elf:2)
  A hobgoblin (D:4)
  A ballistomycete spore (Elf:2)
  24 bushes
  1051 foxfires
  60 fungi
  105 plants
1247 creatures vanquished.

Grand Total: 2396 creatures vanquished

Notes
Turn   | Place    | Note
-------+----------+-------------------------------------------
     0 | D:1      | unlimited1921 the Djinni Fire Elementalist began the quest
                  | for the Orb.
     0 | D:1      | unlimited1921 set off with the following spells memorised:
                  | Foxfire, Scorch, Conjure Flame, Inner Flame, Flame Wave.
     0 | D:1      | Reached XP level 1. HP: 15/15 MP: 0/0
   499 | D:1      | Reached XP level 2. HP: 16/21 MP: 0/0
  1120 | D:1      | Found a faded altar of an unknown god.
  1310 | D:1      | Got Plato's Octavo of Calefaction
  1321 | D:1      | Reached skill level 3 in Spellcasting
  1501 | D:1      | Reached XP level 3. HP: 23/25 MP: 0/0
  1501 | D:1      | Learned a level 1 spell: Summon Small Mammal
  3222 | D:2      | Reached XP level 4. HP: 27/31 MP: 0/0
  3929 | D:2      | Found a shadowy altar of Dithmenos.
  4012 | D:2      | Noticed Sigmund
  4016 | D:2      | Killed Sigmund
  4017 | D:2      | Reached skill level 4 in Spellcasting
  4017 | D:2      | Reached XP level 5. HP: 24/35 MP: 0/0
  4017 | D:2      | Learned a level 2 spell: Call Imp
  4017 | D:2      | Reached XP level 6. HP: 28/40 MP: 0/0
  4875 | D:2      | Noticed Natasha
  4879 | D:2      | Killed Natasha
  4995 | D:2      | Found a runed translucent door.
  4996 | D:2      | Noticed Crazy Yiuf
  5005 | D:2      | Killed Crazy Yiuf
  5006 | D:2      | Reached skill level 5 in Spellcasting
  5100 | D:2      | Noticed Jessica
  5109 | D:2      | Killed Jessica
  5409 | D:3      | Reached XP level 7. HP: 40/45 MP: 0/0
  5409 | D:3      | Learned a level 3 spell: Lesser Beckoning
  5676 | D:3      | Noticed Ijyb
  5682 | D:3      | Killed Ijyb
  6849 | D:4      | Noticed Blork the orc
  6852 | D:4      | Killed Blork the orc
  6868 | D:4      | Noticed Pikel
  6874 | D:4      | Killed Pikel
  6875 | D:4      | Reached skill level 6 in Spellcasting
  6875 | D:4      | Reached XP level 8. HP: 38/50 MP: 0/0
  6884 | D:4      | Noticed Robin
  6888 | D:4      | Killed Robin
  7455 | D:4      | Reached skill level 7 in Spellcasting
  7799 | D:4      | Noticed Eustachio
  7823 | D:4      | Killed Eustachio
  8539 | D:5      | Entered Level 5 of the Dungeon
  8750 | D:5      | Found a blossoming altar of Fedhas.
  8752 | D:5      | Noticed Duvessa
  8754 | D:5      | Noticed Dowan
  8757 | D:5      | Killed Duvessa
  8758 | D:5      | Reached XP level 9. HP: 47/56 MP: 0/0
  8758 | D:5      | Learned a level 4 spell: Airstrike
  8759 | D:5      | Killed Dowan
  8779 | D:5      | Reached skill level 8 in Spellcasting
  9032 | D:5      | Reached skill level 1 in Shields
  9056 | D:5      | Became a worshipper of Fedhas Madash
  9177 | D:5      | Identified the amulet "Vaudin" {Acrobat rElec Str+5 Dex+4}
 10038 | D:6      | Reached skill level 1 in Armour
 10715 | D:5      | Reached * piety under Fedhas
 11091 | D:6      | Reached skill level 9 in Spellcasting
 11451 | D:6      | Found a broken altar of Ashenzari.
 12678 | D:7      | Found a staircase to the Ecumenical Temple.
 12692 | Temple   | Entered the Ecumenical Temple
 13072 | D:7      | Reached XP level 10. HP: 45/61 MP: 0/0
 13589 | D:7      | Noticed Joseph
 13597 | D:7      | Killed Joseph
 13598 | D:7      | Reached skill level 10 in Spellcasting
 14287 | D:8      | Found a flagged portal.
 14322 | Bailey   | Entered a bailey
 14434 | Bailey   | Reached ** piety under Fedhas
 14584 | Bailey   | Noticed an orc knight
 14598 | Bailey   | Killed an orc knight
 14836 | Bailey   | Found a large runed translucent door.
 14836 | Bailey   | Found a large runed translucent door.
 14837 | Bailey   | Noticed a deep elf pyromancer
 14840 | Bailey   | Found the +6 lightning scales {swift, rElec}
 14908 | Bailey   | Killed a deep elf pyromancer
 14909 | Bailey   | Reached skill level 11 in Spellcasting
 14943 | Bailey   | Identified the +0 chain mail of the Arena {rPois Dex+3}
 14976 | Bailey   | Gained mutation: You are strong-willed. (Will+) [potion of
                  | mutation]
 14976 | Bailey   | Gained mutation: You occasionally shout uncontrollably at
                  | your foes. [potion of mutation]
 14984 | Bailey   | Lost mutation: You are strong-willed. (Will+) [potion of
                  | mutation]
 14984 | Bailey   | Lost mutation: You occasionally shout uncontrollably at
                  | your foes. [potion of mutation]
 14984 | Bailey   | Gained mutation: Potions are less effective at restoring
                  | your health. [potion of mutation]
 14984 | Bailey   | Gained mutation: You occasionally shout uncontrollably at
                  | your foes. [potion of mutation]
 14984 | Bailey   | Gained mutation: You are agile. (Dex +4, Str/Int -1)
                  | [potion of mutation]
 14986 | Bailey   | Lost mutation: You occasionally shout uncontrollably at
                  | your foes. [potion of mutation]
 14986 | Bailey   | Lost mutation: You are agile. (Dex +4, Str/Int -1) [potion
                  | of mutation]
 14986 | Bailey   | Gained mutation: You occasionally lose the ability to read
                  | scrolls when taking damage. [potion of mutation]
 14986 | Bailey   | Gained mutation: You are agile. (Dex +4, Str/Int -1)
                  | [potion of mutation]
 14987 | Bailey   | Lost mutation: You are agile. (Dex +4, Str/Int -1) [potion
                  | of mutation]
 14987 | Bailey   | Lost mutation: You occasionally lose the ability to read
                  | scrolls when taking damage. [potion of mutation]
 14987 | Bailey   | Gained mutation: You are weak. (Str -2) [potion of
                  | mutation]
 14988 | Bailey   | Lost mutation: Potions are less effective at restoring your
                  | health. [potion of mutation]
 14988 | Bailey   | Lost mutation: You are weak. (Str -2) [potion of mutation]
 14988 | Bailey   | Gained mutation: Your mind is acute. (Int +4, Str/Dex -1)
                  | [potion of mutation]
 14988 | Bailey   | Gained mutation: You are partially covered in iridescent
                  | scales. (AC +2) [potion of mutation]
 15160 | D:8      | Found an ornate altar of the Wu Jian Council.
 15220 | D:8      | Found a staircase to the Lair.
 15227 | D:8      | Reached skill level 1 in Invocations
 15227 | D:8      | Reached XP level 11. HP: 47/66 MP: 0/0
 15227 | D:8      | Learned a level 4 spell: Iskenderun's Mystic Blast
 15831 | D:8      | Reached *** piety under Fedhas
 15832 | D:8      | Reached skill level 12 in Spellcasting
 15835 | D:8      | Noticed a two-headed ogre
 16021 | D:8      | Killed a two-headed ogre
 16554 | D:8      | Found a snail-covered altar of Cheibriados.
 17372 | D:8      | Found the -2 hat of the Alchemist {rElec rPois rF+ rC+ rN+
                  | Will+ rMut rCorr}
 17583 | Lair:1   | Entered Level 1 of the Lair of Beasts
 18035 | Lair:1   | Noticed a five-headed hydra
 18042 | Lair:1   | Killed a five-headed hydra
 18043 | Lair:1   | Reached skill level 13 in Spellcasting
 18059 | Lair:1   | Reached XP level 12. HP: 53/71 MP: 0/0
 18429 | Lair:1   | Reached **** piety under Fedhas
 18640 | Lair:1   | Noticed a death yak
 18647 | Lair:1   | Noticed a death yak
 18650 | Lair:1   | Noticed a death yak
 18651 | Lair:1   | Noticed a death yak
 18658 | Lair:1   | Noticed a death yak
 18659 | Lair:1   | Killed a death yak
 18727 | Lair:1   | Killed a death yak
 19028 | Lair:1   | Killed a death yak
 19037 | Lair:1   | Killed a death yak
 19203 | Lair:1   | Killed a death yak
 19204 | Lair:1   | Reached skill level 1 in Polearms
 19204 | Lair:1   | Reached skill level 1 in Evocations
 19441 | Lair:1   | Reached skill level 5 in Invocations
 19447 | Lair:1   | Reached skill level 1 in Fighting
 19698 | Lair:1   | Noticed a four-headed hydra
 19703 | Lair:1   | Killed a four-headed hydra
 20265 | Lair:2   | Noticed a five-headed hydra
 20272 | Lair:2   | Killed a five-headed hydra
 20474 | Lair:2   | Found a staircase to the Swamp.
 20506 | Lair:2   | Reached skill level 14 in Spellcasting
 20914 | Lair:2   | Found a hole to the Spider Nest.
 20944 | Lair:2   | Reached XP level 13. HP: 45/77 MP: 0/0
 20944 | Lair:2   | Learned a level 5 spell: Fireball
 21300 | Lair:2   | Reached ***** piety under Fedhas
 22481 | Lair:3   | Identified the +10 spear of the Candelabrum {protect, *Slow
                  | rF+ Stlth+}
 22919 | Lair:3   | Reached skill level 15 in Spellcasting
 23403 | Lair:3   | Found a blossoming altar of Fedhas.
 24335 | Lair:4   | Found a viscous altar of Jiyva.
 24336 | Lair:4   | Found a staircase to the Slime Pits.
 24957 | Slime:1  | Entered Level 1 of the Pits of Slime
 24967 | Slime:1  | Noticed a quicksilver ooze
 25261 | Slime:1  | Noticed an acid blob
 25472 | Lair:5   | Entered Level 5 of the Lair of Beasts
 25913 | Lair:5   | Reached XP level 14. HP: 31/83 MP: 0/0
 26809 | Lair:5   | Reached skill level 16 in Spellcasting
 27158 | Lair:5   | Reached ****** piety under Fedhas
 28746 | Lair:5   | Identified the +0 helmet of Makhleb's Benevolence {Will+
                  | Dex+3}
 30983 | Lair:5   | Reached skill level 17 in Spellcasting
 31504 | Lair:5   | Found the +6 arbalest "Damnation" {damnation}
 31529 | Lair:5   | Identified the +6 morningstar "Urianaigu" {vamp, Str+4}
 31804 | Spider:1 | Entered Level 1 of the Spider Nest
 31809 | Spider:1 | Reached XP level 15. HP: 80/88 MP: 0/0
 31809 | Spider:1 | Learned a level 6 spell: Dispersal
 31943 | Spider:1 | Killed a ghost moth
 32100 | Swamp:1  | Entered Level 1 of the Swamp
 32593 | Swamp:2  | Reached skill level 5 in Dodging
 33999 | Swamp:3  | Reached skill level 18 in Spellcasting
 34060 | Swamp:3  | Reached skill level 1 in Ranged Weapons
 34214 | Swamp:3  | Found a transporter.
 34216 | Swamp:3  | Noticed Airmonger's ghost (journeyman DrCj)
 34394 | Swamp:3  | Noticed Nikola
 34482 | Swamp:3  | Found a transporter.
 34544 | Swamp:3  | Noticed Mara
 34555 | Swamp:3  | Reached skill level 10 in Invocations
 34807 | D:9      | Reached XP level 16. HP: 70/95 MP: 0/0
 35125 | D:9      | Found a glowing golden altar of the Shining One.
 35587 | D:10     | Entered Level 10 of the Dungeon
 35702 | D:10     | Found an opulent altar of Gozag.
 36034 | D:10     | Found a shadowy altar of Dithmenos.
 36332 | D:11     | Noticed Josephine
 36408 | D:11     | Killed Josephine
 36518 | D:11     | Found a staircase to the Orcish Mines.
 36975 | Orc:1    | Entered Level 1 of the Orcish Mines
 36983 | Orc:1    | Noticed Erica
 36987 | Orc:1    | Noticed Fannar
 36987 | Orc:1    | Killed Erica
 36992 | Orc:1    | Killed Fannar
 37516 | Orc:2    | Entered Level 2 of the Orcish Mines
 37719 | Orc:2    | Found Fathoahe's Jewellery Boutique.
 37721 | Orc:2    | Found Igufius's Antique Weapon Boutique.
 37754 | Orc:2    | Found Kypiet's General Store.
 37784 | Orc:2    | Reached skill level 5 in Ranged Weapons
 37823 | Orc:2    | Bought a ring of see invisible for 270 gold pieces
 37844 | Orc:2    | Bought a scroll of fog for 56 gold pieces
 37844 | Orc:2    | Bought a wand of polymorph (6) for 117 gold pieces
 37844 | Orc:2    | Bought a scroll of fear for 56 gold pieces
 37939 | Orc:2    | Found a staircase to the Elven Halls.
 38115 | Orc:2    | Found Vahyod's Armour Shop.
 38224 | Orc:2    | Found Xavoi's Jewellery Boutique.
 38277 | Orc:2    | Found Ussaehel's Distillery.
 38292 | Orc:2    | Bought a potion of might for 52 gold pieces
 38292 | Orc:2    | Bought a potion of heal wounds for 65 gold pieces
 38292 | Orc:2    | Bought a potion of might for 52 gold pieces
 38292 | Orc:2    | Bought a potion of might for 52 gold pieces
 38292 | Orc:2    | Bought 2 potions of heal wounds for 130 gold pieces
 38292 | Orc:2    | Bought a potion of might for 52 gold pieces
 38292 | Orc:2    | Bought a potion of might for 52 gold pieces
 38292 | Orc:2    | Bought 2 potions of resistance for 260 gold pieces
 38292 | Orc:2    | Bought a potion of curing for 39 gold pieces
 38292 | Orc:2    | Bought a potion of brilliance for 52 gold pieces
 38476 | Orc:2    | Found Hulue's Antique Weapon Shop.
 38484 | Orc:2    | Found Zeeder's Antique Weapon Boutique.
 38592 | Elf:1    | Entered Level 1 of the Elven Halls
 38666 | Elf:1    | Found a flickering gateway to a bazaar.
 38724 | Bazaar   | Entered a bazaar
 38724 | Bazaar   | Found Umashr Xywu's Book Boutique.
 38724 | Bazaar   | Found Baseh's Book Shoppe.
 38724 | Bazaar   | Found Iqo Ojet's Book Shop.
 38726 | Bazaar   | Found Kypaith's Armour Emporium.
 38726 | Bazaar   | Found Popryppe's Armour Shop.
 38779 | Bazaar   | Bought a +2 cloak for 231 gold pieces
 39294 | Elf:1    | Paralysed by an orc sorcerer for 4 turns
 39461 | Elf:1    | Noticed a deep elf sorcerer
 39466 | Elf:1    | Killed a deep elf sorcerer
 39467 | Elf:1    | Reached XP level 17. HP: 92/103 MP: 0/0
 39467 | Elf:1    | Learned a level 6 spell: Death Channel
 40124 | Elf:2    | Reached skill level 19 in Spellcasting
 40296 | Elf:2    | Noticed Saint Roka
 41381 | Elf:1    | Got the Volume of the Impact and Production
 42857 | Elf:2    | Killed Saint Roka
 42948 | Elf:2    | Reached skill level 5 in Armour
 42977 | Elf:2    | Found a runed translucent gate.
 42978 | Elf:2    | Found a runed translucent gate.
 42978 | Elf:2    | Found a runed translucent gate.
 43299 | Elf:2    | Reached XP level 18. HP: 94/111 MP: 0/0
 43350 | Elf:2    | Noticed a deep elf blademaster
 43371 | Elf:2    | Killed a deep elf blademaster
 43731 | Elf:3    | Entered Level 3 of the Elven Halls
 44229 | Elf:3    | Reached skill level 20 in Spellcasting
 44757 | Elf:3    | Noticed a deep elf blademaster
 44762 | Elf:3    | Killed a deep elf blademaster
 44768 | Elf:3    | Noticed a Tzitzimitl
 44916 | Elf:3    | Noticed an Executioner
 45427 | D:12     | Found Nufap's Book Emporium.
 45471 | D:12     | Reached skill level 5 in Fighting
 45591 | D:12     | Found a gate leading to a gauntlet.
 46094 | D:13     | Noticed Sonja
 46320 | D:13     | Noticed Rupert
 46333 | D:13     | Killed Rupert
 46491 | D:13     | Found a shimmering altar of Xom.
 46518 | D:13     | Found the +7 mace of Variability {chain chaos}
 46627 | D:13     | Noticed Maurice
 46631 | D:13     | Killed Maurice
 46804 | D:13     | Identified the +10 trident of the Middle {vorpal, *Rage
                  | Str+5 Int+7}
 46943 | D:13     | Noticed Erolcha
 46946 | D:13     | Killed Erolcha
 46948 | D:13     | Noticed Urug
 46953 | D:13     | Killed Urug
 46984 | D:13     | Found a gate to the Vaults.
 47236 | D:14     | Found Iteixaim's General Store.
 47241 | D:14     | Bought a scroll of fear for 60 gold pieces
 47241 | D:14     | Bought a scroll of fear for 60 gold pieces
 47241 | D:14     | Bought a wand of polymorph (3) for 63 gold pieces
 47962 | D:14     | Found Buninick's Jewellery Boutique.
 48010 | D:14     | Found a sacrificial altar of Ru.
 48079 | D:15     | Entered Level 15 of the Dungeon
 48094 | D:15     | Reached XP level 19. HP: 82/117 MP: 0/0
 48094 | D:15     | Learned a level 7 spell: Ozocubu's Refrigeration
 48293 | D:15     | Noticed Kirke
 48741 | D:15     | Found a staircase to the Depths.
 48778 | D:15     | Reached skill level 21 in Spellcasting
 48827 | D:15     | Found a white marble altar of Elyvilon.
 48886 | D:15     | Killed Kirke
 49711 | Depths:1 | Entered Level 1 of the Depths
 50321 | Depths:2 | Found a one-way gate leading to the halls of Pandemonium.
 50349 | Depths:1 | Identified the +7 battleaxe "Zikin" {vorpal, rPois MP+9
                  | Dex+4}
 51992 | Depths:1 | Found a gateway to Hell.
 52451 | Depths:1 | Reached XP level 20. HP: 59/123 MP: 0/0
 52944 | Depths:1 | Reached skill level 22 in Spellcasting
 56321 | Depths:2 | Noticed a tentacled monstrosity
 56326 | Depths:2 | Noticed a tentacled monstrosity
 56330 | Depths:2 | Killed a tentacled monstrosity
 56366 | Depths:2 | Killed a tentacled monstrosity
 57447 | Depths:2 | Noticed a caustic shrike
 57459 | Depths:2 | Killed a caustic shrike
 58362 | Depths:2 | Noticed a golden dragon
 58375 | Depths:2 | Killed a golden dragon
 58683 | Depths:2 | Noticed a golden dragon
 58702 | Depths:2 | Killed a golden dragon
 58703 | Depths:2 | Reached skill level 5 in Stealth
 59295 | Depths:2 | Noticed a juggernaut
 59324 | Depths:2 | Mangled by an iron troll

Illustrated notes

Levels and vault maps discovered:
D:1:      elethiomel_arrival_quiet, layout_basic,
          shapermc_ecumenical_altar_rom_forum, amcnicky_mini_pool_small,
          amcnicky_mini_corridor_feature, minivault_26
D:2:      layout_rooms, basic_altar, grunt_ministairs_7, skrybe_limestone_x,
          amcnicky_mini_rare_corridor_liquid, uniq_jessica, uniq_natasha,
          uniq_sigmund, uniq_crazy_yiuf_cottage
D:3:      layout_basic, chequers_serial_rivers_room_a, uniq_ijyb
D:4:      layout_basic, serial_glass, glass_columns_c, glass_columns_a,
          hangedman_decor_peaks_small, uniq_pikel, uniq_blork_the_orc,
          uniq_robin, uniq_eustachio
D:5:      layout_basic, lemuel_crystal_altar, kb_lookout_dungeons_type,
          minmay_misc_feat_tiny, uniq_duvessa
D:6:      layout_rooms, mainiacjoe_overflow_tiny_flanked, st_stairs_3
D:7:      layout_loops_corners, minmay_temple_entry_trees, uniq_joseph
D:8:      layout_rooms, overflow_temple_1_default, nzn_wu_jian_contemplation,
          minmay_lair_entry_grove, enter_bailey_5,
          nicolae_concentric_dashed_squares_mild, hangedman_minor_gate_pass
D:9:      layout_cave_pools, lemuel_mausoleum_altar_kikubaaqudgha,
          nicolae_overflow_two_pavilions, minmay_increasing_density
D:10:     layout_cave_pools, marbit_many_paths,
          nicolae_gozag_cash_rules_everything_around_me, grunt_ministairs_15,
          due_unseen_surprise
D:11:     layout_cave_pools, erik_orc_4, uniq_josephine
D:12:     layout_loops_ring, gauntlet_entry_generic, serial_shops,
          nicolae_stop_n_shop_2
D:13:     layout_loops_ring, david_vaults_2, minmay_guarded_unrand_variability,
          uniq_urug, uniq_erolcha, uniq_maurice, uniq_rupert, uniq_sonja
D:14:     layout_roguey, serial_shops, shop, nicolae_ru_awakened_eye,
          minmay_shop_enchanted_jewellery, nicolae_two_hexagons,
          minmay_beelzebubs_servants
D:15:     hangedman_depths_entry_civil_slaughter, layout_basic,
          serial_park_square2, drop_trap, grunt_ministairs_6, elyvilon_altar_5,
          uniq_kirke
Temple:   hellmonk_temple_forest_ring
Lair:1:   layout_gridlike, serial_rivers, chequers_serial_rivers_micro_a,
          chequers_serial_rivers_small_a, chequers_serial_rivers_marsh,
          chequers_serial_rivers_micro_e, chequers_serial_rivers_micro_a,
          chequers_serial_rivers_micro_c, grunt_megastairs_2, lemuel_fruit_tree
Lair:2:   layout_misc_corridors, minmay_swamp_entry_reptiles,
          dummy_spider_entry, serial_bayou_pond_a, beast_lair_carwin_5
Lair:3:   layout_chaotic_city, hangedman_tree_tricks, grunt_megastairs_4
Lair:4:   layout_big_grid, minmay_slime_entry_oklob_open, serial_bayou_ford_a,
          chequers_serial_rivers_room_b, lemuel_fruit_fields
Lair:5:   grunt_lair_end_beastmaster, layout_small_grid, special_room
          [special_room_bee], chequers_serial_rivers_micro_a,
          patterned_corridor, lemuel_fruit_fields
Swamp:1:  layout_basic_swamp, nicolae_swamp_round_clearing
Swamp:2:  layout_basic_swamp, hangedman_swamp_ruin_wall,
          infiniplex_staircase_pool
Swamp:3:  layout_basic_swamp, gammafunk_ghost_mausoleum, hangedman_swamp_blocks,
          infiniplex_staircase_pool_2, uniq_mara, uniq_nikola
Spider:1: layout_spider_delve
Slime:1:  layout_caves
Orc:1:    layout_caves, uniq_fannar, uniq_erica
Orc:2:    kennysheep_orc_mage_school, layout_caves, serial_shops,
          nicolae_shop_hallway_plus, shop, shop, shop, nicolae_orc_damp_corner,
          nicolae_orc_stony_grotto
Elf:1:    eino_elf_arrival_the_gate, layout_loops_corners, serial_shops,
          bzr_entry_lakeside, minmay_elf_sorcery, minmay_misc_feat_pillars
Elf:2:    nicolae_elf_blades_crystal_corner, layout_loops_cross, minivault_26,
          uniq_saint_roka
Elf:3:    minmay_elf_hall_not_hex, layout_loops_corners
Depths:1: layout_honeycomb, hellmouth_2, hangedman_aviary
Depths:2: lemuel_castle_with_subvaults [lemuel_castle_interior_original],
          layout_cave_pools, hell_entry, hangedman_decor_diamond_cutter,
          pan_entry
Depths:3: kennysheep_gozag_temple, layout_gridlike,
          infiniplex_staircase_split_hallway, enter_trove_6, hell_entry,
          abyss_entry_flame_altar, nzn_life_drinkers

Skill      XL: |  1  2  3  4  5  6  7  8  9 10 11 12 13 14 15 16 17 18 19 20 |
---------------+-------------------------------------------------------------+-----
Spellcasting   | 3 4 5 6 7 9 11 13 14 15 17 18 19 20 21 22 | 22.8
Stealth        | 2 3 4 5 |  5.1
Shields        | 1 |  1.2
Armour         | 1 2 3 5 6 7 8 |  8.3
Dodging        | 3 4 5 6 |  6.4
Invocations    | 1 3 5 7 8 10 | 10.9
Polearms       | 2 |  2.7
Evocations     | 1 |  1.4
Fighting       | 1 2 3 4 5 6 |  6.0
Ranged Weapons | 2 6 7 8 |  8.9
Long Blades    | |  0.6
Staves         | |  0.7
Throwing       | |  0.4

Action                   |  1- 3 |  4- 6 |  7- 9 | 10-12 | 13-15 | 16-18 | 19-21 || total
-------------------------+-------+-------+-------+-------+-------+-------+-------++-------
Melee: Quarterstaff      |       |       |     3 |       |       |       |       ||     3
       Falchion          |       |       |       |     3 |       |       |       ||     3
       Trident           |       |       |       |    93 |       |       |       ||    93
       Arbalest          |       |       |       |       |       |     1 |       ||     1
 Fire: Arbalest          |       |       |       |       |    46 |   430 |   173 ||   649
Throw: Dart              |       |       |       |       |       |    10 |       ||    10
 Cast: Foxfire           |   101 |    71 |   160 |    35 |    52 |    89 |    88 ||   596
       Scorch            |     2 |     5 |    32 |    24 |    15 |    10 |    11 ||    99
       Inner Flame       |       |    11 |    23 |    68 |    76 |    69 |    20 ||   267
       Call Imp          |       |     3 |    15 |    32 |    32 |    57 |    33 ||   172
       Conjure Flame     |       |       |     1 |     2 |     3 |     4 |     2 ||    12
       Airstrike         |       |       |    44 |   117 |   166 |   143 |   120 ||   590
       Flame Wave        |       |       |     3 |     1 |     4 |     2 |       ||    10
       Iskenderun's Myst |       |       |       |    19 |   139 |   218 |   141 ||   517
       Summon Small Mamm |       |       |       |     2 |     3 |    23 |    11 ||    39
       Fireball          |       |       |       |       |   108 |    58 |    24 ||   190
       Dispersal         |       |       |       |       |     4 |     2 |     4 ||    10
       Death Channel     |       |       |       |       |       |     6 |     2 ||     8
       Ozocubu's Refrige |       |       |       |       |       |       |    65 ||    65
Invok: Wall of Briars    |       |       |       |     1 |     1 |     4 |     5 ||    11
       Grow Ballistomyce |       |       |       |       |       |     1 |       ||     1
       Grow Oklob        |       |       |       |       |       |     1 |       ||     1
Evoke: Wand              |       |       |       |    14 |       |     2 |     4 ||    20
       Phantom mirror    |       |       |       |       |       |       |     1 ||     1
  Use: Scroll            |       |       |     5 |     6 |    17 |    11 |     3 ||    42
       Potion            |       |       |     1 |     8 |     2 |    11 |     7 ||    29
Armor: Robe              |     1 |     4 |     9 |       |       |       |       ||    14
       Leather armour    |       |       |     2 |       |       |       |       ||     2
       Steam dragon scal |       |       |       |     3 |     9 |       |       ||    12
       Troll leather arm |       |       |       |       |     7 |    53 |    12 ||    72
       Ice dragon scales |       |       |       |       |       |       |    17 ||    17
Dodge: Dodged            |     6 |     4 |    62 |    31 |   127 |   264 |   132 ||   626
Block: Other             |       |     1 |     7 |       |       |       |       ||     8
       Reflection        |       |       |     3 |       |       |       |       ||     3
